 Dungeon Crawl Stone Soup version 0.18-a0-1774-gce1f7b6 (webtiles) character file.

828 vonhedlund the Fighter (level 7, 0/72 HPs)
             Began as a Hill Orc Hunter on Apr 12, 2016.
             Was a Follower of Okawaru.
             Slain by a slave (1 damage)
             ... led by Pikel
             ... on level 5 of the Dungeon on Apr 15, 2016.
             The game lasted 00:54:20 (4466 turns).

vonhedlund the Fighter (Hill Orc Hunter)            Turns: 4466, Time: 00:54:21

Health: 0/72       AC:  7    Str: 16    XL:     7   Next: 97%
Magic:  7/7        EV:  6    Int: 16    God:    Okawaru [*.....]
Gold:   279        SH:  0    Dex: 12    Spells: 0 memorised, 6 levels left

rFire  . . .     SeeInvis .     b - +1 short sword (speed)
rCold  . . .     Gourm    .     c - +0 leather armour
rNeg   . . .     Faith    .     (no shield)
rPois  .         Spirit   .     x - +0 helmet
rElec  .         Dismiss  .     z - +0 cloak
rCorr  .         Reflect  .     e - +0 pair of gloves
SustAt .         Harm     .     H - +0 pair of boots
MR     .....                    (no amulet)
Stlth  +.........               (no ring)
                                (no ring)

@: brilliant, not resistant to hostile enchantments, very unstealthy
A: no striking features
a: Heroism, Renounce Religion


You were on level 5 of the Dungeon.
You worshipped Okawaru.
Okawaru was aware of your devotion.
You were not hungry.

You visited 1 branch of the dungeon, and saw 5 of its levels.

You collected 279 gold pieces.

Inventory:

Hand Weapons
 a - a +1 hand crossbow
 b - a +1 short sword of speed (weapon)
 B - a +0 short sword
 C - a +1 hunting sling of flaming
 N - a +0 hand axe
Missiles
 d - 27 bolts
 m - 17 sling bullets
 w - 111 stones (quivered)
 M - 19 arrows
Armour
 c - a +0 leather armour (worn)
 e - a +0 pair of gloves (worn)
 r - a +0 chain mail
 t - a +0 large shield
 x - a +0 helmet (worn)
 z - a +0 cloak (worn)
 H - a +0 pair of boots (worn)
Jewellery
 G - an uncursed amulet of regeneration
 J - an uncursed ring of see invisible {unknown}
Scrolls
 g - a scroll of teleportation {unknown}
 i - 2 scrolls of enchant armour {unknown}
 l - 3 scrolls of remove curse {unknown}
 q - 3 scrolls of identify
 u - 2 scrolls of fear {unknown}
 v - a scroll of summoning {unknown}
 A - 2 scrolls of amnesia {unknown}
 F - a scroll of random uselessness {unknown}
 K - a scroll of magic mapping {unknown}
 P - a scroll of immolation {unknown}
Potions
 h - 2 potions of brilliance
 j - 2 potions of flight {unknown}
 k - 3 potions of curing {unknown}
 n - a potion of ambrosia {unknown}
 E - a potion of might {unknown}
 I - 4 potions of heal wounds {unknown}
 L - 3 potions of haste {unknown}
Books
 y - a book of Death

   Spells                             Type                      Level
   a - Corpse Rot                     Necromancy                   2
   b - Sublimation of Blood           Necromancy                   2
   c - Agony                          Necromancy                   5
   d - Dispel Undead                  Necromancy                   5
   e - Excruciating Wounds            Charms/Necromancy            5
   f - Bolt of Draining               Conjuration/Necromancy       5
Comestibles
 f - 3 bread rations
 D - 2 meat rations


   Skills:
 - Level 10.0 Fighting
 - Level 3.6 Crossbows
 + Level 2.9 Armour
 - Level 1.5 Dodging
 - Level 0.7 Stealth


You had 6 spell levels left.
You didn't know any spells.

Dungeon Overview and Level Annotations

Branches:
Dungeon (5/15)
 Temple: D:4-7

Altars:
Gozag
Makhleb
Okawaru
Trog
Vehumet
Zin

Shops:
D:4 }

Annotations:
D:3 Grinder
D:5 Pikel


Message History

It was a potion of brilliance.
You feel clever all of a sudden. Pikel hits you with a whip of freezing.
* * * LOW HITPOINT WARNING * * *
Pikel freezes you.
* * * LOW HITPOINT WARNING * * *
You hit Pikel.
Pikel is severely wounded.
Pikel hits you with a whip of freezing!
* * * LOW HITPOINT WARNING * * *
Pikel freezes you.
* * * LOW HITPOINT WARNING * * *
You miss Pikel.
Pikel is severely wounded.
Pikel hits you with a whip of freezing.
* * * LOW HITPOINT WARNING * * *
Pikel freezes you.
* * * LOW HITPOINT WARNING * * *
The slave hits you.
You die...

# #..#...#. ##......)..##.#..
#.###.....###.....##.)###....
#..........................##
#......⌠..........########.#
#..)..............# #.#
.###.....###.....# #.#
#..#.).#'.##....# #.## #..
#...#.K.###..# #.#. #>
#...##p@# .## #... #
#..(.#### .. .......##.
.#.#..# .# ######. #.
##.##..#####.# #. #.
?.....(..p.<†.# #. ##
###..##.####### #. ##. #.. #.
# #### #.


You could see Pikel and a slave.

Vanquished Creatures
  A phantom (D:4)
  3 ogres (D:4)
  A centaur (D:5)
  A centaur skeleton (D:4)
  Terence (D:3)
  An orc wizard (D:4)
  A worker ant (D:4)
  Robin (D:3)
  A worker ant zombie (D:5)
  5 gnolls
  7 adders
  2 howler monkey skeletons
  2 oozes
  2 worms (D:3)
  2 dart slugs
  2 giant geckos (D:4)
  7 orcs
  11 bats
  6 giant cockroaches
  14 goblins
  11 hobgoblins
  10 jackals
  8 quokkas
  A ball python (D:3)
  A giant gecko skeleton (D:3)
  4 giant newts
  10 kobolds
  10 rats
126 creatures vanquished.

Notes
Turn   | Place    | Note
--------------------------------------------------------------
     0 | D:1      | vonhedlund the Hill Orc Hunter began the quest for the Orb.
     0 | D:1      | Reached XP level 1. HP: 18/18 MP: 1/1
    49 | D:1      | Reached skill level 3 in Fighting
    56 | D:1      | Reached XP level 2. HP: 6/26 MP: 2/2
   640 | D:1      | Reached skill level 4 in Fighting
   640 | D:1      | Reached XP level 3. HP: 31/33 MP: 3/3
   747 | D:1      | Upgraded the game from 0.18-a0-1747-g18c4181 to 0.18-a0-1764-gf4ddf0b
   926 | D:2      | Found an iron altar of Okawaru.
   941 | D:2      | Became a worshipper of Warmaster Okawaru
  1192 | D:2      | Found an opulent altar of Gozag.
  1193 | D:2      | Found a glowing silver altar of Zin.
  1228 | D:2      | Found a radiant altar of Vehumet.
  1229 | D:2      | Found a burning altar of Makhleb.
  1248 | D:2      | Reached skill level 5 in Fighting
  1248 | D:2      | Reached XP level 4. HP: 32/42 MP: 4/4
  1548 | D:3      | Noticed Robin
  1770 | D:3      | Killed Robin
  1809 | D:3      | Found a bloodstained altar of Trog.
  1961 | D:3      | Noticed an ice beast
  2060 | D:3      | Reached skill level 6 in Fighting
  2136 | D:3      | Reached XP level 5. HP: 29/50 MP: 5/5
  2201 | D:3      | Noticed Grinder
  2212 | D:3      | Paralysed by Grinder for 7 turns
  2307 | D:4      | Noticed an ogre
  2333 | D:4      | Killed an ogre
  2333 | D:4      | Reached skill level 7 in Fighting
  2400 | D:4      | Reached XP level 6. HP: 29/60 MP: 6/6
  2526 | D:4      | Reached skill level 8 in Fighting
  2653 | D:4      | Reached XP level 7. HP: 59/69 MP: 7/7
  2717 | D:4      | Found Geissed's Gadget Boutique.
  2876 | D:4      | Reached * piety under Okawaru
  2876 | D:4      | Reached skill level 9 in Fighting
  3055 | D:3      | Upgraded the game from 0.18-a0-1764-gf4ddf0b to 0.18-a0-1774-gce1f7b6
  3196 | D:3      | Noticed Terence
  3204 | D:3      | Killed Terence
  3796 | D:5      | Entered Level 5 of the Dungeon
  3844 | D:5      | Noticed Pikel
  3859 | D:4      | Reached skill level 10 in Fighting
  4465 | D:5      | HP: 1/72 [Pikel/whip of freezing (3)]
  4466 | D:5      | Slain by a slave

Vault maps used:
D:1:      elethiomel_arrival_infinity_welcomes_careful_drivers
D:2:      grunt_temple_overflow_gold_and_silver, grunt_temple_overflow_open,
          okawaru_gym_becter
D:3:      nicolae_overflow_crystal_walls,
          nicolae_dithmenos_through_a_glass_darkly, minmay_close_crescents,
          uniq_robin, uniq_terence, uniq_grinder
D:4:      wad_woods_tower, first_bread, serial_shops, shop
D:5:      serial_shops, shop, serial_bayou_pond_c, grunt_ministairs_6,
          uniq_pikel

Skill      XL: |  1  2  3  4  5  6  7 |
---------------+----------------------+-----
Fighting       | 3 4 5 6 7 8 10 | 10.0
Armour         | 2 |  2.9
Crossbows      | |  3.6
Dodging        | |  1.5
Stealth        | |  0.7

Action                   |  1- 3 |  4- 6 |  7- 9 || total
-------------------------+-------+-------+-------++-------
Melee: Short sword       |   103 |   195 |    49 ||   347
       Short sword       |       |       |   147 ||   147
 Fire: Hand crossbow     |    23 |    21 |    11 ||    55
       Hunting sling     |     7 |    14 |     2 ||    23
       Hunting sling     |       |       |    34 ||    34
       Hand crossbow     |       |       |    12 ||    12
Invok: Heroism           |       |       |     1 ||     1
  Use: Scroll            |       |     1 |       ||     1
       Scroll            |       |       |     2 ||     2
       Potion            |       |       |     1 ||     1
 Stab: Sleeping          |     1 |       |       ||     1
  Eat: Chunk             |     1 |     5 |     1 ||     7
       Chunk             |       |       |     4 ||     4
       Pizza             |       |       |     1 ||     1
Armor: Leather armour    |    39 |    58 |    14 ||   111
       Leather armour    |       |       |    42 ||    42
Dodge: Dodged            |    95 |   118 |    20 ||   233
       Dodged            |       |       |    91 ||    91
